 Dungeon Crawl Stone Soup version 0.23-a0-642-g3120c2f (webtiles) character file.

29066 GroovyGamera the Basher (level 13, -1/88 HPs)
             Began as a Gargoyle Fighter on Dec 30, 2018.
             Was an Elder of Makhleb.
             Slain by Sonja
             ... wielding a +1 dagger of distortion
              (2 damage)
             ... on level 3 of the Lair of Beasts.
             The game lasted 00:39:01 (15157 turns).

GroovyGamera the Basher (Gargoyle Fighter)         Turns: 15157, Time: 00:39:02

Health: -1/88      AC: 24    Str: 21    XL:     13   Next: 42%
Magic:  20/20      EV: 10    Int: 13    God:    Makhleb [****..]
Gold:   557        SH:  0    Dex:  9    Spells: 12/12 levels left

rFire    + . .     SeeInvis .   H - +0 great mace
rCold    + . .     Gourm    +   (shield currently unavailable)
rNeg     + . .     Faith    .   z - +0 plate armour {rC+}
rPois    ∞         Spirit   .   p - +0 hat
rElec    +         Reflect  .   P - +0 cloak
rCorr    .         Harm     .   i - +1 pair of gloves
MR       .....                  n - +1 pair of boots
Stlth    ..........             L - amulet of the gourmand
HPRegen  0.24/turn              S - +4 ring of evasion
MPRegen  0.17/turn              B - ring of protection from fire

@: corroded
A: negative energy resistance 1, electricity resistance, unbreathing,
petrification resistance, rot immunity, AC +9
a: Minor Destruction, Lesser Servant of Makhleb, Major Destruction, Renounce
Religion


You were on level 3 of the Lair of Beasts.
You worshipped Makhleb.
Makhleb was greatly pleased with you.
You were completely stuffed.

You visited 3 branches of the dungeon, and saw 16 of its levels.
You visited 1 bazaar.

You collected 989 gold pieces.
You spent 432 gold pieces at shops.

Inventory:

Hand Weapons
 H - a +0 great mace (weapon)
 I - a +2 dire flail of freezing
 Q - a +0 hand crossbow
 T - a +4 mace
Missiles
 b - 164 bolts
 k - 3 throwing nets (quivered)
Armour
 c - a +0 shield
 i - a +1 pair of gloves (worn)
 n - a +1 pair of boots (worn)
 p - a +0 hat (worn)
 z - a +0 plate armour of cold resistance (worn)
 C - the +1 ring mail of the Salamander {*Contam Regen+ rCorr Str+3}
   (You found it on level 9 of the Dungeon)

   It affects your strength (+3).
   It causes magical contamination when unequipped.
   It increases your rate of regeneration.
   It provides partial protection from all sources of acid and corrosion.
 P - a +0 cloak (worn)
Jewellery
 B - a ring of protection from fire (right hand)
 L - an amulet of the gourmand (around neck)
 S - a +4 ring of evasion (left hand)
 Y - an uncursed ring of ice
Wands
 J - a wand of iceblast (8)
Scrolls
 d - a scroll of summoning {unknown}
 h - 6 scrolls of immolation
 j - a scroll of fog
 m - 2 scrolls of magic mapping
 o - 4 scrolls of fear
 q - a scroll of blinking
 s - 6 scrolls of enchant armour
 t - 9 scrolls of teleportation
 x - 5 scrolls of remove curse
 M - 4 scrolls of amnesia
 W - a scroll of enchant weapon
Potions
 e - a potion of flight {unknown}
 l - a potion of lignification
 r - 2 potions of might
 u - 2 potions of curing
 v - 4 potions of agility
 w - a potion of mutation
 A - 5 potions of brilliance
 O - 2 potions of magic
 U - 2 potions of invisibility
 X - 3 potions of heal wounds
 Z - a potion of cancellation
Comestibles
 f - 21 rations
 V - 3 chunks of flesh


   Skills:
 + Level 13.1 Fighting
   Level 1.7(9.1) Axes
 * Level 14.5(14.6) Maces & Flails
 - Level 6.7 Armour
 - Level 6.7 Shields
 + Level 9.6 Invocations


You had 12 spell levels left.
You didn't know any spells.
Your spell library contained the following spells:

 Spells                   Type           Power        Failure   Level  Hunger
 Confusing Touch          Hex            #.....       99%         1    ##.....
 Infusion                 Chrm           #...         99%         1    ##.....
 Summon Small Mammal      Summ           #...         99%         1    ##.....
 Call Imp                 Summ           #.......     100%        2    ###....
 Shroud of Golubria       Chrm/Tloc      #.........   100%        2    ###....
 Song of Slaying          Chrm           #.......     100%        2    ###....
 Call Canine Familiar     Summ           #.......     100%        3    ####...
 Confuse                  Hex            #.......     100%        3    ####...
 Gell's Gravitas          Tloc           #.........   100%        3    ####...
 Regeneration             Chrm/Necr      #.........   100%        3    ####...
 Spectral Weapon          Hex/Chrm       #.......     100%        3    ####...
 Summon Guardian Golem    Hex/Summ       #.......     100%        3    ####...
 Petrify                  Tmut/Erth      #.......     100%        4    #####..
 Summon Ice Beast         Ice/Summ       #.......     100%        4    #####..
 Summon Lightning Spire   Summ/Air       #.......     100%        4    #####..
 Irradiate                Conj/Tmut      #.........   100%        5    ######.
 Metabolic Englaciation   Hex/Ice        #.........   100%        5    ######.
 Yara's Violent Unravell  Hex/Tmut       #.........   100%        5    ######.
 Hydra Form               Tmut           #.........   100%        6    #######
 Dragon Form              Tmut           #.........   100%        7    #######
 Statue Form              Tmut/Erth      Unusable     N/A         6    N/A

Dungeon Overview and Level Annotations

Branches:
Dungeon (12/15)            Temple (1/1) D:7            Lair (3/6) D:9
  Snake (0/4) Lair:2          Orc (0/2) D:10
  Swamp: Lair:2-4    Shoals: Lair:2-4

Altars:
Ashenzari
Cheibriados
Dithmenos
Elyvilon
Fedhas
Gozag
Hepliaklqana
Kikubaaqudgha
Makhleb
Nemelex Xobeh
Okawaru
Qazlal
Ru
Sif Muna
Trog
Uskayaw
Vehumet
Wu Jian
Xom
Yredelemnul
Zin
The Shining One

Shops:
D:9 =

Annotations:
D:4 3 runed doors, blight's ghost, amateur MiAs
D:9 1 runed door, alcopop's ghost, novice DrAK
Lair:3 Sonja


Innate Abilities, Weirdness & Mutations

You are resistant to torment.
Your stone body is resilient. (AC +9)
You are immune to poison.
You resist negative energy. (rN+)
You are resistant to electric shocks. (rElec)
You can survive without breathing.
You are immune to petrification.
You are immune to rotting.


Message History

Sonja zaps a wand.
The bolt of acid misses you.
A water moccasin comes into view.
Your ynoxinul hits Sonja. Sonja completely misses you.
Sonja hits you but does no damage. Space warps horribly around you!
Sonja hits you but does no damage. Space bends around you.
You completely miss Sonja.
Sonja is heavily wounded.
Your ynoxinul misses Sonja.
Sonja zaps a wand.
The bolt of acid hits you!
You are splashed with acid!
The acid burns!
* * * LOW HITPOINT WARNING * * *
The now-empty wand crumbles to dust.
You completely miss Sonja.
Sonja is moderately wounded.
Sonja shouts, "Hah!
Missed me again!"
Sonja hits you but does no damage. Space warps horribly around you!
* * * LOW HITPOINT WARNING * * *
Sonja hits you but does no damage. Space bends around you.
* * * LOW HITPOINT WARNING * * *
Sonja hits you but does no damage. Space bends around you.
You die...

## #### .
###©####... ..
...........# ...
...........# ....
..........S###.....
...................
..........3K#
.......(...@#
.......†....#
.......<.####
......#### ...## .#


You could see Sonja, a water moccasin and a friendly ynoxinul.

Vanquished Creatures
  Erolcha (D:9)
  Harold (Lair:2)
  2 hydras
  A centaur warrior (D:9)
  5 two-headed ogres
  2 unseen horrors (D:9)
  An orc knight (D:9)
  2 ugly things
  4 cyclopes (D:12)
  4 elephants (Lair:2)
  3 spiny frogs (Lair:2)
  A komodo dragon (D:9)
  A rime drake (D:11)
  3 trolls
  2 polar bears (D:11)
  Prince Ribbit (D:9)
  A blink frog (Lair:1)
  7 hippogriffs
  A shadow (D:12)
  17 yaks
  A wyvern (D:10)
  A human (D:8)
  A steam dragon (D:8)
  Menkaure (D:6)
  A warg (D:9)
  An acid dragon (D:9)
  Edmund (D:4)
  A soldier ant (D:9)
  6 water moccasins
  4 porcupines (Lair:1)
  4 orc warriors
  3 ice beasts
  3 sky beasts
  A black bear (D:11)
  8 ogres
  5 phantoms
  4 wolves (Lair:1)
  9 centaurs (D:12)
  5 crocodiles
  4 big kobolds
  17 bullfrogs
  3 gnoll sergeants (D:10)
  A water moccasin skeleton (D:7)
  A scorpion (D:10)
  3 killer bees (D:12)
  14 wights
  4 howler monkeys
  4 crimson imps
  3 bullfrog zombies
  6 hounds
  3 orc priests
  3 bullfrog skeletons
  3 jellies
  8 orc wizards
  2 centaur skeletons
  2 iguanas
  7 worker ants
  3 hound skeletons
  A worker ant zombie (D:8)
  Robin (D:2)
  12 gnolls
  15 adders
  3 shadow imps
  An ooze (D:6)
  An adder skeleton (D:7)
  3 worms
  A dart slug (D:1)
  4 leopard geckos
  42 orcs
  2 ball pythons (D:2)
  9 bats
  9 giant cockroaches
  22 goblins
  15 hobgoblins
  15 jackals
  12 kobolds
  9 quokkas
  10 frilled lizards
  A giant cockroach zombie (D:6)
  A jackal skeleton (D:4)
  2 leopard gecko skeletons
  2 quokka skeletons
  4 rats
408 creatures vanquished.

Vanquished Creatures (collateral kills)
  An elephant (Lair:2)
  3 blink frogs (Lair:1)
  A basilisk (Lair:1)
  A yak (Lair:1)
  2 water moccasins (Lair:1)
  2 porcupines
  A wolf (Lair:1)
11 creatures vanquished.

Vanquished Creatures (others)
  A worker ant (D:8)
  An adder (D:12)
  A plant (D:9)
3 creatures vanquished.

Grand Total: 422 creatures vanquished

Notes
Turn   | Place    | Note
-------+----------+-------------------------------------------
     0 | D:1      | GroovyGamera the Gargoyle Fighter began the quest for the
                  | Orb.
     0 | D:1      | Reached XP level 1. HP: 14/14 MP: 1/1
    51 | D:1      | Reached XP level 2. HP: 19/19 MP: 2/2
   410 | D:1      | Reached XP level 3. HP: 24/24 MP: 3/3
   843 | D:2      | Reached XP level 4. HP: 27/29 MP: 4/4
  1286 | D:2      | You fall through a shaft for 2 floors!
  1290 | D:4      | Found a runed gate.
  1291 | D:4      | Found a runed gate.
  1292 | D:4      | Found a runed gate.
  1292 | D:4      | Noticed blight's ghost (amateur MiAs)
  1396 | D:3      | Reached XP level 5. HP: 30/34 MP: 5/5
  1633 | D:2      | Noticed Robin
  1691 | D:2      | Killed Robin
  1876 | D:3      | Reached skill level 5 in Armour
  1876 | D:3      | Reached skill level 5 in Shields
  1876 | D:3      | Reached XP level 6. HP: 12/40 MP: 6/6
  2132 | D:3      | Reached skill level 5 in Fighting
  2803 | D:4      | Reached XP level 7. HP: 37/44 MP: 7/7
  2959 | D:4      | Noticed Edmund
  2970 | D:4      | Killed Edmund
  3190 | D:4      | Found a radiant altar of Vehumet.
  3355 | D:5      | Entered Level 5 of the Dungeon
  3483 | D:5      | Found a deep blue altar of Sif Muna.
  3501 | D:5      | Reached XP level 8. HP: 37/52 MP: 8/8
  3865 | D:5      | Found a stormy altar of Qazlal.
  4260 | D:6      | Reached skill level 1 in Maces & Flails
  4327 | D:5      | Reached skill level 2 in Maces & Flails
  4509 | D:6      | Noticed Menkaure
  4512 | D:6      | Killed Menkaure
  4512 | D:6      | Reached skill level 3 in Maces & Flails
  4622 | D:6      | Reached skill level 4 in Maces & Flails
  4957 | D:6      | Reached XP level 9. HP: 51/59 MP: 9/9
  4969 | D:6      | Noticed a two-headed ogre
  4984 | D:6      | Killed a two-headed ogre
  4984 | D:6      | Reached skill level 6 in Maces & Flails
  5377 | D:6      | Reached skill level 7 in Maces & Flails
  5812 | D:7      | Found a staircase to the Ecumenical Temple.
  5822 | Temple   | Entered the Ecumenical Temple
  5929 | Temple   | Became a worshipper of Makhleb the Destroyer
  6497 | D:7      | Found a sparkling altar of Nemelex Xobeh.
  6501 | D:7      | Found a snail-covered altar of Cheibriados.
  6891 | D:8      | Reached skill level 8 in Maces & Flails
  6970 | D:8      | Reached XP level 10. HP: 53/66 MP: 10/10
  7602 | D:8      | Reached * piety under Makhleb
  7855 | D:8      | Found a hide-covered altar of Uskayaw.
  7944 | D:9      | Found Abomag's Jewellery Emporium.
  7955 | D:9      | Bought a +4 ring of evasion for 432 gold pieces
  8019 | D:9      | Found a runed door.
  8035 | D:9      | Noticed alcopop's ghost (novice DrAK)
  8035 | D:9      | Noticed a gargoyle
  8148 | D:9      | Reached skill level 9 in Maces & Flails
  8148 | D:9      | Reached skill level 1 in Invocations
  8164 | D:9      | Got a twisted ring mail
  8193 | D:9      | Noticed a two-headed ogre
  8203 | D:9      | Killed a two-headed ogre
  8211 | D:9      | Found a staircase to the Lair.
  8278 | D:9      | Reached skill level 10 in Fighting
  8362 | D:9      | Noticed Erolcha
  8394 | D:9      | Killed an unseen horror
  8394 | D:9      | Reached skill level 10 in Maces & Flails
  8405 | D:9      | Killed an unseen horror
  8412 | D:9      | Reached XP level 11. HP: 33/73 MP: 12/14
  8415 | D:9      | Killed Erolcha
  8651 | D:9      | Noticed a centaur warrior
  8660 | D:9      | Killed a centaur warrior
  8742 | D:9      | Noticed Prince Ribbit
  8892 | D:9      | Killed Prince Ribbit
  8892 | D:9      | Reached skill level 11 in Maces & Flails
  8892 | D:9      | Reached skill level 5 in Invocations
  8902 | D:9      | Noticed an orc knight
  8912 | D:9      | Killed an orc knight
  9075 | D:10     | Entered Level 10 of the Dungeon
  9109 | D:10     | Noticed a two-headed ogre
  9123 | D:10     | Killed a two-headed ogre
  9467 | D:10     | Identified the +1 ring mail of the Salamander {*Contam
                  | Regen+ rCorr Str+3} (You found it on level 9 of the
                  | Dungeon)
  9555 | D:10     | Reached ** piety under Makhleb
 10029 | D:10     | Found a staircase to the Orcish Mines.
 10427 | D:11     | Noticed a two-headed ogre
 10438 | D:11     | Killed a two-headed ogre
 10438 | D:11     | Reached skill level 12 in Maces & Flails
 10563 | D:11     | Found a frozen archway.
 10586 | D:11     | Reached XP level 12. HP: 77/80 MP: 17/17
 10609 | D:11     | You fall through a shaft!
 10675 | D:12     | Noticed a six-headed hydra
 10699 | D:12     | Killed a six-headed hydra
 11370 | D:11     | Reached *** piety under Makhleb
 11570 | D:11     | Reached skill level 13 in Maces & Flails
 11610 | D:11     | Noticed a seven-headed hydra
 11619 | D:11     | Killed a seven-headed hydra
 12117 | D:12     | Noticed a two-headed ogre
 12133 | D:11     | Killed a two-headed ogre
 12865 | D:12     | Reached **** piety under Makhleb
 13409 | D:12     | Found a gateway to a bazaar.
 13418 | Bazaar   | Entered a bazaar
 13423 | Bazaar   | Found Cyumomib's Jewellery Shop.
 13437 | Bazaar   | Found Qigeg's Book Shop.
 13595 | Lair:1   | Entered Level 1 of the Lair of Beasts
 13893 | Lair:1   | Reached XP level 13. HP: 87/87 MP: 19/19
 13958 | Lair:1   | Reached skill level 14 in Maces & Flails
 14726 | Lair:2   | Found a staircase to the Snake Pit.
 14969 | Lair:2   | Noticed Harold
 14986 | Lair:2   | Killed Harold
 15147 | Lair:3   | Noticed Sonja
 15157 | Lair:3   | HP: 1/88 [Sonja/+1 dagger of distortion (5)]
 15157 | Lair:3   | Slain by Sonja

Vault maps used:
D:1:      wander_arrival_lonely_grave, hangedman_abyss_or_decor_stabs,
          roderic_roman_lattice
D:2:      kennysheep_big_flooded_room, serial_curves, eino_curves_02,
          eino_curves_03, eino_curves_01, minmay_circle_x, uniq_robin
D:4:      old_standard_altar, gammafunk_ghost_split, kennysheep_generic_room_12,
          uniq_edmund, uniq_crazy_yiuf_cottage
D:5:      kennysheep_mini, basic_altar, first_ration
D:6:      chequers_decorated_corner, grunt_decor_cap, st_stairs_8,
          minmay_diced_spiral, uniq_menkaure
D:7:      minitemple, temple_fountains
D:8:      basic_altar, grunt_pizzeria
D:9:      david_lair_shrubbed, ebering_ghost_inner_flame, serial_shops, shop,
          minmay_the_grid_2x2, uniq_erolcha, uniq_prince_ribbit1
D:10:     kennysheep_orc_monster_closet_entryway
D:11:     portal_ice_cave_entry_animals_and_master, lemuel_another_geyser
D:12:     serial_shops, bzr_firewalk
Temple:   regret_index_temple_mists
Lair:1:   grunt_megastairs_2
Lair:2:   dummy_snake_entry, uniq_harold
Lair:3:   gammafunk_ghost_berserking_beasts, forest_entry_grove, uniq_sonja,
          uniq_gastronok
Bazaar:   bazaar_jpeg_cross

Skill      XL: |  1  2  3  4  5  6  7  8  9 10 11 12 13 |
---------------+----------------------------------------+-----
Fighting       | 4 5 6 7 9 10 11 12 13 | 13.1
Armour         | 4 5 6 |  6.7
Shields        | 4 5 6 |  6.7
Maces & Flails | 4 8 10 12 13 14 | 14.5
Invocations    | 4 6 8 9 |  9.6
Axes           | |  1.7

Action                   |  1- 3 |  4- 6 |  7- 9 | 10-12 | 13-15 || total
-------------------------+-------+-------+-------+-------+-------++-------
Melee: War axe           |   114 |   370 |   176 |       |       ||   660
       Great mace        |       |       |   300 |   827 |   196 ||  1323
       Hand axe          |       |       |     9 |       |       ||     9
 Fire: Blowgun           |       |       |       |     3 |       ||     3
Invok: Lesser Servant of |       |       |       |     1 |     3 ||     4
Evoke: Wand              |       |       |       |     2 |       ||     2
  Use: Scroll            |       |     6 |     3 |    13 |     6 ||    28
       Potion            |       |       |     6 |     5 |       ||    11
 Stab: Distracted        |       |       |       |     1 |     2 ||     3
  Eat: Chunk             |       |     8 |     9 |    33 |     4 ||    54
       Ration            |       |       |     2 |       |       ||     2
Armor: Scale mail        |    40 |       |       |       |       ||    40
       Chain mail        |    30 |   334 |   242 |       |       ||   606
       Plate armour      |       |       |   156 |   790 |   153 ||  1099
Dodge: Dodged            |    40 |   110 |   177 |   504 |   102 ||   933
Block: Shield            |    58 |   269 |   108 |       |       ||   435

Table legend:
 A = Non-vault XP
 B = Vault XP
 C = Vault XP percentage of total XP
 D = Non-vault monster count
 E = Vault monster count
 F = Vault count percentage of total count
                 A         B        C        D         E       F
            +---------+---------+-------+---------+---------+-------
      Total |   30274 |   11249 |  27.1 |     341 |      79 |  18.8
            +---------+---------+-------+---------+---------+-------
        D:1 |      50 |       0 |   0.0 |      28 |       0 |   0.0
        D:2 |     110 |      76 |  40.9 |      29 |      22 |  43.1
        D:3 |     216 |       0 |   0.0 |      33 |       0 |   0.0
        D:4 |     278 |     157 |  36.1 |      17 |       1 |   5.6
        D:5 |     571 |      36 |   5.9 |      23 |       1 |   4.2
        D:6 |    2052 |     335 |  14.0 |      24 |       4 |  14.3
        D:7 |     224 |       0 |   0.0 |       6 |       0 |   0.0
        D:8 |     996 |     182 |  15.4 |      22 |       1 |   4.3
        D:9 |    1358 |    6123 |  81.8 |      12 |      19 |  61.3
       D:10 |    2655 |    1194 |  31.0 |      20 |      20 |  50.0
       D:11 |    5742 |    1971 |  25.6 |      39 |       8 |  17.0
       D:12 |    6356 |       0 |   0.0 |      36 |       0 |   0.0
     Lair:1 |    4898 |     205 |   4.0 |      34 |       2 |   5.6
     Lair:2 |    4550 |     970 |  17.6 |      16 |       1 |   5.9
     Lair:3 |     218 |       0 |   0.0 |       2 |       0 |   0.0
            +---------+---------+-------+---------+---------+-------
